 Dungeon Sprint DCSS version 0.22-a0-430-g6609fc6 (webtiles) character file.

79 raistware the Basher (level 4, -11/48 HPs)
             Began as an Ogre Berserker on May 26, 2018.
             Was a Priest of Trog.
             Killed themself with a badly aimed iceblast (14 damage)
             ... in the Dungeon (Sprint IX: "|||||||||||||||||||||||||||||").
             The game lasted 00:01:55 (312 turns).

raistware the Basher (Ogre Berserker)                Turns: 312, Time: 00:01:56

Health: -11/48     AC:  4    Str: 25    XL:     4   Next: 37%
Magic:  4/4        EV: 10    Int: 11    God:    Trog [***...]
Gold:   0          SH:  0    Dex:  8    Spells: 3/3 levels left

rFire    . . .     SeeInvis .   n - +2 morningstar (crush)
rCold    . . .     Gourm    .   (no shield)
rNeg     . . .     Faith    .   b - +0 animal skin
rPois    .         Spirit   .   (helmet restricted)
rElec    .         Reflect  .   a - +0 cloak
rCorr    .         Harm     .   (gloves unavailable)
MR       ++...     NoTele   +   (boots unavailable)
Stlth    +.........             (no amulet)
HPRegen  1.16/turn              o - +3 ring of intelligence
MPRegen  0.09/turn              p - +3 ring of strength

@: berserk cooldown, regenerating, hasted and slowed
A: large, unfitting armour, tough skin 1
a: Berserk, Trog's Hand, Renounce Religion


You were in the Dungeon.
You worshipped Trog.
Trog was most pleased with you.
You were not hungry.

You visited 1 branch

Inventory:

Hand Weapons
 n - a +2 morningstar of crushing (weapon)
Armour
 a - a +0 cloak (worn)
 b - a +0 animal skin (worn)
Jewellery
 o - a +3 ring of intelligence (left hand)
 p - a +3 ring of strength (right hand)
Wands
 m - a wand of iceblast (10)
Scrolls
 i - 2 scrolls of blinking
 l - 3 scrolls of remove curse
Potions
 d - 5 potions of curing
 e - 2 potions of heal wounds
 g - 4 potions of magic
 h - a potion of berserk rage
 k - a potion of invisibility
Comestibles
 c - a ration


   Skills:
 - Level 4.0 Fighting
 + Level 8.0 Maces & Flails
 - Level 2.6 Dodging


You had 3 spell levels left.
You didn't know any spells.
Your spell library was empty.

Dungeon Overview and Level Annotations

Branches:
Dungeon (1/1)

Altars:
Cheibriados
Dithmenos
Elyvilon
Fedhas
Gozag
Hepliaklqana
Kikubaaqudgha
Makhleb
Nemelex Xobeh
Okawaru
Qazlal
Ru
Sif Muna
Trog
Uskayaw
Vehumet
Wu Jian
Xom
Yredelemnul
Zin
The Shining One
Beogh
Jiyva
Lugonu


Innate Abilities, Weirdness & Mutations

You are too large for most types of armour.
You have tough skin. (AC +1)


Message History

You feel much better. Something hits you but does no damage.
Something bites you!
Something draws strength from your injuries!
You feel yourself speed up. Something hits you! Something bites you!
* * * LOW HITPOINT WARNING * * *
Something draws strength from your injuries!
Something hits you.
* * * LOW HITPOINT WARNING * * *
Something bites you.
* * * LOW HITPOINT WARNING * * *
Something draws strength from your injuries!
Evoke which item? (* to show all) (? for menu, Esc to quit)
Aiming: Iceblast
Press: ? - help, Shift-Dir - straight line, f - necrophage
Aim: a necrophage The mass of ice explodes!
The iceblast engulfs something.
The iceblast engulfs the necrophage.
The necrophage partially resists.
The necrophage is heavily damaged.
The iceblast engulfs you!
You die...

▓.▓
▓.▓
▓Z▓
▓l▓
▓T▓
▓Y▓
▓n▓
▓{▓
▓@▓
▓[▓
▓)▓
▓|▓
▓?▓
▓.▓
▓'▓
▓_▓
▓_▓


You could see a yak, a troll, a necrophage, a ball python zombie and a leopard
gecko.

Vanquished Creatures
  A scorpion (D)
  An adder (D)
  A shadow imp (D)
  2 orcs (D)
  2 hobgoblins (D)
  A jackal (D)
  2 rats (D)
10 creatures vanquished.

Notes
Turn   | Place    | Note
-------+----------+-------------------------------------------
     0 | D        | raistware the Ogre Berserker began the quest for the Orb.
     0 | D        | Reached XP level 1. HP: 24/24 MP: 1/1
    14 | D        | Reached skill level 3 in Maces & Flails
    16 | D        | Reached ** piety under Trog
    19 | D        | Reached skill level 4 in Maces & Flails
    45 | D        | Noticed a scorpion
    55 | D        | Killed a scorpion
    55 | D        | Reached skill level 7 in Maces & Flails
    55 | D        | Reached XP level 2. HP: 25/32 MP: 2/2
    55 | D        | Reached XP level 3. HP: 30/39 MP: 3/3
    55 | D        | Reached XP level 4. HP: 37/48 MP: 4/4
    57 | D        | Reached *** piety under Trog
    65 | D        | Reached skill level 8 in Maces & Flails
    81 | D        | Found a roughly hewn altar of Beogh.
    81 | D        | Found a snail-covered altar of Cheibriados.
    81 | D        | Found a shadowy altar of Dithmenos.
    81 | D        | Found a white marble altar of Elyvilon.
    81 | D        | Found a blossoming altar of Fedhas.
    81 | D        | Found an opulent altar of Gozag.
    82 | D        | Found a hazy altar of Hepliaklqana.
    83 | D        | Found a viscous altar of Jiyva.
    84 | D        | Found an ancient bone altar of Kikubaaqudgha.
    85 | D        | Found a corrupted altar of Lugonu.
    86 | D        | Found a burning altar of Makhleb.
    87 | D        | Found a sparkling altar of Nemelex Xobeh.
    88 | D        | Found an iron altar of Okawaru.
    89 | D        | Found a stormy altar of Qazlal.
    90 | D        | Found a sacrificial altar of Ru.
    91 | D        | Found a deep blue altar of Sif Muna.
    92 | D        | Found a bloodstained altar of Trog.
    93 | D        | Found a hide-covered altar of Uskayaw.
    94 | D        | Found a radiant altar of Vehumet.
    95 | D        | Found an ornate altar of the Wu Jian Council.
    96 | D        | Found a shimmering altar of Xom.
    97 | D        | Found a basalt altar of Yredelemnul.
    98 | D        | Found a glowing silver altar of Zin.
    99 | D        | Found a glowing golden altar of the Shining One.
   116 | D        | Found the +6 Majin-Bo {vamp, Archmagi MP+6 Int+6}
   293 | D        | Noticed a troll
   293 | D        | Noticed a yak
   293 | D        | Noticed a necrophage
   293 | D        | Noticed a vampire
   305 | D        | HP: 3/72 [something (5)]
   305 | D        | HP: 1/72 [something (2)]
   312 | D        | Killed themself with a badly aimed iceblast

Vault maps used:
D:        linesprint

Skill      XL: |  1  2  3  4 |
---------------+-------------+-----
Maces & Flails | 7 8 |  8.0
Fighting       | |  4.0
Dodging        | |  2.6

Action                   |  1- 3 |  4- 6 || total
-------------------------+-------+-------++-------
Melee: Mace              |    32 |    11 ||    43
       Morningstar       |       |    11 ||    11
Invok: Berserk           |     1 |     1 ||     2
       Trog's Hand       |       |     1 ||     1
  Use: Potion            |       |     2 ||     2
Armor: Animal skin       |     8 |     6 ||    14
Dodge: Dodged            |    22 |     4 ||    26

Table legend:
 A = Spawn XP
 B = Non-spawn XP
 C = Spawn XP percentage of total XP
 D = Spawn monster count
 E = Non-spawn monster count
 F = Spawn count percentage of total count
 G = Total turns spent on level
                    A         B        C        D         E        F      G
               +---------+---------+-------+---------+---------+-------+---------
         Total |       0 |     113 |   0.0 |       0 |      10 |   0.0 |   312
               +---------+---------+-------+---------+---------+-------+---------
             D |       0 |     113 |   0.0 |       0 |      10 |   0.0 |   312
               +---------+---------+-------+---------+---------+-------+---------
